 Dungeon Crawl Stone Soup version 0.32-a0-120-gfac0567ad4 (webtiles) character file.

Game seed: 11769077532542104788

27 lunkers the Trooper (level 3, -1/39 HPs)
             Began as an Oni Gladiator on Feb 6, 2024.
             Slain by Sigmund
             ... wielding a +2 scythe of freezing
              (4 damage)
             ... on level 2 of the Dungeon.
             The game lasted 00:02:04 (895 turns).

lunkers the Trooper (Oni Gladiator)                  Turns: 895, Time: 00:02:04

Health: -1/39      AC:  3    Str: 20    XL:     3   Next: 10%
Magic:  3/3        EV: 10    Int:  9    God:
Gold:   80         SH:  0    Dex: 10    Spells: 2/2 levels left

rFire   . . .        a - +0 trident
rCold   . . .        (no shield)
rNeg    . . .        b - +0 robe
rPois   .            c - +0 hat
rElec   .            (no cloak)
rCorr   .            (gloves unavailable)
SInv    .            (boots unavailable)
Will    .....        (no amulet)
Stlth   +            (no ring)
HPRegen 0.26/turn    (no ring)
MPRegen 0.08/turn

%: no passive effects
@: no status effects
A: large, unfitting armour, horns 1, tough skin 1, double potion healing,
drunken brawling
a: no special abilities


You were on level 2 of the Dungeon.
You visited 1 branch of the dungeon, and saw 2 of its levels.

You collected 80 gold pieces.

Inventory:

Hand Weapons
 a - a +0 trident (weapon)
Missiles
 d - 3 throwing nets
 e - a large rock
Armour
 b - a +0 robe (worn)
 c - a +0 hat (worn)
Scrolls
 h - 2 scrolls of teleportation {unknown}
 k - a scroll of summoning {unknown}
Potions
 f - a potion of might {unknown}
 g - 2 potions of curing {unknown}
 i - a potion of lignification {unknown}
 j - 2 potions of enlightenment {unknown}
 l - a potion of mutation {unknown}


   Skills:
 + Level 3.7 Fighting
 * Level 3.6 Polearms
 - Level 2.0 Throwing
 - Level 2.6 Dodging


You had 2 spell levels left.
You didn't know any spells.
Your spell library was empty.

Dungeon Overview and Level Annotations

Branches:
Dungeon (2/15)

Altars:

Annotations:
D:2 Sigmund


Innate Abilities, Weirdness & Mutations

You are too large for most types of armour.
You have a pair of small horns on your head.
You have tough skin. (AC +1)
You gain doubled healing and magic from potions.
Whenever you drink a healing potion, you attack all around you.


Message History

The adder is in the way.
You hit the adder.
You kill the adder!
Sigmund points at you and mumbles some strange words.
You resist with significant effort.
You have reached level 3!
Your experience leads to an increase in your attributes!
Increase (S)trength, (I)ntelligence, or (D)exterity?
You feel stronger. x3
Reach: a) +0 trident
Press: ? - help, Dir - move target, f/p - Sigmund
Aim: Sigmund, wielding a +2 scythe of freezing and wearing a +0 robe (heavily wounded, about 48% to evade your +0 trident)
You reach to attack!
You puncture Sigmund!
Sigmund is almost dead.
Sigmund gestures at you while chanting.
You are confused.
You're too confused to aim your attacks!
Unknown command.
Sigmund gestures wildly while chanting.
Sigmund flickers and vanishes!
Deactivating autopickup; reactivate with Ctrl-A.
You're too confused to move!
You hear some strange, mumbled words.
A magic dart appears from out of thin air!
The magic dart hits you.
You closely miss something. Your headbutt misses something. Something hits you.
* * * LOW HITPOINT WARNING * * *
Something freezes you.
* * * LOW HITPOINT WARNING * * *
You're too confused to aim your attacks!
You are too confused!
You feel less confused. Something hits you.
* * * LOW HITPOINT WARNING * * *
Something freezes you.
* * * LOW HITPOINT WARNING * * *
You aren't carrying any items that you can evoke.
You barely miss something. Something hits you!
* * * LOW HITPOINT WARNING * * *
Something freezes you.
You die...

.# #. .# #.# ##.## #.#
#... #.# #..# #.# #..#
######### #.# #..#
........# #.####{.####..#
#######.###.....@.......#
#...........#####.
###########.# #.# ...
.### #. #. #.


There were no monsters in sight!

Vanquished Creatures
  An adder (D:2)
  6 ball pythons
  An endoplasm (D:1)
  2 goblins (D:1)
  3 hobgoblins (D:1)
  2 bats (D:1)
  A frilled lizard (D:2)
  A kobold (D:1)
  A rat (D:1)
18 creatures vanquished.

Notes
Turn   | Place    | Note
-------+----------+-------------------------------------------
     0 | D:1      | lunkers the Oni Gladiator began the quest for the Orb.
     0 | D:1      | Reached XP level 1. HP: 22/22 MP: 1/1
   275 | D:1      | Reached XP level 2. HP: 29/31 MP: 2/2
   879 | D:2      | Noticed Sigmund
   887 | D:2      | Reached XP level 3. HP: 29/39 MP: 3/3
   895 | D:2      | Slain by Sigmund

Illustrated notes

Levels and vault maps discovered:
D:1:      lemuel_arrival_rhombus, layout_loops_corners, minmay_box_of_dots
D:2:      layout_loops_ring, grunt_ministairs_8, uniq_sigmund

Skill      XL: |  1 |
---------------+----+-----
Fighting       | 3 |  3.7
Polearms       | |  3.6
Throwing       | |  2.0
Dodging        | |  2.6

Action                     || total
---------------------------++-------
  Melee: Trident           ||    44
         Headbutt          ||     3
         Punch             ||     1
   Stab: Sleeping          ||     2
 Armour: Robe              ||    19
  Dodge: Dodged            ||    10

Table legend: (Time is in decaauts)
 A = Elapsed time spent in this place.
 B = Non-inter-level travel time spent in this place.
 C = Inter-level travel time spent in this place.
 D = Time resting spent in this place.
 E = Time spent auto-exploring this place.
 F = Levels seen in this place.
 G = Mean time per level.
                   A        B        C        D        E       F      G
               +--------+--------+--------+--------+--------+-----+--------+
         Total |    900 |    872 |     28 |      0 |    766 |   2 |  450.0 |
       Dungeon |    900 |    872 |     28 |      0 |    766 |   2 |  450.0 |
               +--------+--------+--------+--------+--------+-----+--------+

Top non-repeatable levels by time:
     D:1: 830 daAuts
     D:2: 70 daAuts
